 Dungeon Crawl Stone Soup version 0.23-a0-760-g92239d2 (webtiles) character file.

2196 SmSkdm the Changer (level 9, 0/59 HPs)
             Began as a Kitsune Transmuter on May 9, 2019.
             Was a Believer of Wu Jian.
             Slain by an ogre
             ... wielding a +0 giant spiked club
              (27 damage)
             ... on level 6 of the Dungeon.
             The game lasted 00:22:00 (6433 turns).

SmSkdm the Changer (Kitsune Transmuter)             Turns: 6433, Time: 00:22:00

Health: 0/59       AC:  8    Str: 10    XL:     9   Next: 60%
Magic:  18/18      EV: 12    Int: 17    God:    Wu Jian [**....]
Gold:   431        SH:  5    Dex: 17    Spells: 9/20 levels left

rFire    . . .     SeeInvis .     - Unarmed
rCold    . . .     Gourm    .   h - +0 buckler
rNeg     . . .     Faith    .   b - +0 robe
rPois    .         Spirit   .   (helmet restricted)
rElec    .         Reflect  .   q - +0 cloak
rCorr    .         Harm     .   j - +0 pair of gloves (curse)
MR       +....                  (no boots)
Stlth    ++........             (no amulet)
HPRegen  0.19/turn              l - ring of wizardry
MPRegen  0.16/turn              f - +4 ring of protection

@: studying Summonings
A: charm monsters, no helmets, claws 1
a: Charm Monsters, Wall Jump, Renounce Religion


You were on level 6 of the Dungeon.
You worshipped Wu Jian.
Wu Jian was pleased with you.
You were not hungry.

You visited 1 branch of the dungeon, and saw 6 of its levels.

You collected 431 gold pieces.

Inventory:

Missiles
 a - 29 arrows
 c - 2 tomahawks of returning (quivered)
Armour
 b - a +0 robe (worn)
 h - a +0 buckler (worn)
 j - a cursed +0 pair of gloves (worn)
 q - a +0 cloak (worn)
 t - a +1 ring mail of magic resistance
Jewellery
 e - an uncursed ring of see invisible
 f - a +4 ring of protection (right hand)
 l - a ring of wizardry (left hand)
 y - an uncursed ring of magical power {unknown}
Wands
 g - a wand of polymorph (6)
 k - a wand of flame (21)
 s - a wand of digging (6)
Scrolls
 m - 3 scrolls of noise
 n - 3 scrolls of identify
 p - a scroll of blinking
 u - a scroll of magic mapping {unknown}
 v - 5 scrolls of teleportation
 w - a scroll of remove curse {unknown}
 C - 2 scrolls of fog {unknown}
 G - a scroll of random uselessness {unknown}
 H - a scroll of enchant weapon {unknown}
Potions
 i - a potion of curing {unknown}
 o - a potion of berserk rage {unknown}
 r - a potion of degeneration {unknown}
 x - a potion of magic {unknown}
 z - a potion of haste {unknown}
 A - 3 potions of flight {unknown}
 B - a potion of brilliance {unknown}
 E - a potion of resistance
Books
 D - a manual of Summonings
Comestibles
 d - 10 rations


   Skills:
 + Level 4.5 Fighting
 - Level 1.5 Dodging
 - Level 4.0 Shields
 + Level 5.6 Unarmed Combat
 + Level 6.4 Spellcasting
 + Level 6.4 Transmutations


You had 9 spell levels left.
You knew the following spells:

 Your Spells              Type           Power        Failure   Level  Hunger
a - Beastly Appendage     Tmut           ####..       1%          1    None
b - Sticks to Snakes      Tmut           ####....     1%          2    None
c - Spider Form           Tmut/Pois      ###.......   4%          3    ##.....
d - Blade Hands           Tmut           ####......   10%         5    #####..

Your spell library contained the following spells:

 Spells                   Type           Power        Failure   Level  Hunger
 Ice Form                 Ice/Tmut       ###.....     13%         4    ####...


Dungeon Overview and Level Annotations

Branches:
Dungeon (6/15)
 Temple: D:4-7

Altars:
Ashenzari
Dithmenos
Makhleb
Wu Jian
Xom
Yredelemnul
The Shining One

Shops:
D:4 [


Innate Abilities, Weirdness & Mutations

You can charm monsters.
You have fox ears (no helmets).
You have sharp fingernails.


Message History

The ogre is lightly wounded.
The ogre hits you with a +0 giant spiked club!!
You hit the ogre.
The ogre is lightly wounded.
The ogre hits you with a +0 giant spiked club!
You are too injured to fight recklessly!
You are too injured to fight recklessly!
You are too injured to fight recklessly!
The ogre easily resists.
The ogre misses you.
Evoke which item? (* to show all) (? for menu, Esc to quit)
Aiming: Polymorph
Press: ? - help, Shift-Dir - straight line, f - ogre
Aim: an ogre, wielding a +0 giant spiked club (lightly wounded, chance to defeat MR: 46%)
The ogre resists with some effort.
You feel less exhausted.
You spin and attack the ogre.
You hit the ogre.
The ogre is moderately wounded.
The ogre hits you with a +0 giant spiked club!!
You die...

###........####.##.##.##.#.##.#
............._#....#..##.#.##.#
###........####.#..#.###.#.[...
#........# #.#..#.# #.###..##
###############.#..#.# #.# #..#
...............<#..#.###.###..#
#.######.##.#####.............#
#...# #.##.#####O.........#.##
###.# #.#......@.....####.# #.#
#.#..#####.##.#####.#. #.#
#.#..# #............ #.# #.#..#
#.##.#####.## #.# #.#..# #.##.#
#.# #.#..# #.##.#
#.####.#..#####.##.#
#..................#
#....###..#####..###


You could see an ogre (pinned).

Vanquished Creatures
  Pikel (D:5)
  Sigmund (D:5)
  A water moccasin (D:6)
  A sky beast (D:6)
  3 ogres
  2 phantoms
  Blork the orc (D:5)
  A bullfrog (D:4)
  4 gnolls (D:4)
  2 howler monkeys
  A centaur zombie (D:6)
  2 crimson imps
  2 hounds
  An orc wizard (D:5)
  Crazy Yiuf (D:3)
  A bullfrog skeleton (D:6)
  Terence (D:2)
  Natasha (twice) (D:2)
  3 worker ants
  A howler monkey zombie (D:5)
  12 adders
  A shadow imp (D:5)
  3 oozes
  An adder skeleton (D:4)
  2 worms (D:4)
  3 dart slugs
  6 leopard geckos
  5 orcs
  7 giant cockroaches
  2 gnoll zombies (D:6)
  15 goblins
  2 hobgoblins (D:2)
  9 jackals
  4 quokkas
  2 ball pythons
  6 bats
  6 frilled lizards
  A jackal zombie (D:6)
  8 kobolds
  A leopard gecko zombie (D:5)
  A quokka skeleton (D:4)
  13 rats
142 creatures vanquished.

Vanquished Creatures (collateral kills)
  A slave (D:5)
  A phantom (D:4)
  A howler monkey (D:5)
  An orc wizard (D:4)
  Robin (D:2)
  An adder (D:5)
  A worm (D:2)
  2 orcs (D:5)
  6 goblins (D:2)
  2 hobgoblins (D:2)
  A bat (D:2)
18 creatures vanquished.

Grand Total: 160 creatures vanquished

Notes
Turn   | Place    | Note
-------+----------+-------------------------------------------
     0 | D:1      | SmSkdm the Kitsune Transmuter began the quest for the Orb.
     0 | D:1      | Reached XP level 1. HP: 12/12 MP: 3/3
   236 | D:1      | Reached skill level 1 in Fighting
   236 | D:1      | Reached XP level 2. HP: 18/18 MP: 5/5
   260 | D:1      | Learned a level 2 spell: Sticks to Snakes
   716 | D:1      | Reached XP level 3. HP: 20/23 MP: 7/7
  1837 | D:2      | Identified the +1 helmet of Faihua {rPois}
  1837 | D:2      | Noticed Robin
  1849 | D:2      | Reached XP level 4. HP: 14/28 MP: 8/8
  1873 | D:2      | Killed Robin
  1916 | D:2      | Learned a level 3 spell: Spider Form
  2067 | D:2      | Noticed Natasha
  2079 | D:2      | Killed Natasha
  2213 | D:2      | Noticed Natasha
  2220 | D:2      | Killed Natasha
  2220 | D:2      | Reached XP level 5. HP: 30/34 MP: 5/10
  2295 | D:2      | Noticed Terence
  2307 | D:2      | Killed Terence
  2572 | D:3      | Found a burning altar of Makhleb.
  2572 | D:3      | Found an ornate altar of the Wu Jian Council.
  2586 | D:3      | Became a worshipper of the Wu Jian Council
  2615 | D:3      | Reached skill level 1 in Shields
  2861 | D:3      | Reached XP level 6. HP: 28/39 MP: 11/11
  3155 | D:3      | Found a runed door.
  3160 | D:3      | Noticed Crazy Yiuf
  3172 | D:3      | Killed Crazy Yiuf
  3191 | D:3      | Learned a level 5 spell: Blade Hands
  3422 | D:4      | Reached * piety under Wu Jian
  3821 | D:4      | Noticed a phantom
  3830 | D:4      | Killed a phantom
  3839 | D:4      | Reached XP level 7. HP: 39/45 MP: 11/13
  4030 | D:4      | Found a shattered altar of Ashenzari.
  4101 | D:4      | Found Toila's Antique Armour Shop.
  4915 | D:5      | Entered Level 5 of the Dungeon
  4949 | D:5      | Noticed Blork the orc
  4958 | D:5      | Killed Blork the orc
  4998 | D:5      | Noticed Pikel
  5037 | D:5      | Killed Pikel
  5037 | D:5      | Reached skill level 5 in Spellcasting
  5037 | D:5      | Reached skill level 5 in Transmutations
  5037 | D:5      | Reached XP level 8. HP: 31/53 MP: 4/15
  5349 | D:5      | Noticed Sigmund
  5370 | D:5      | Killed Sigmund
  5370 | D:5      | Reached skill level 5 in Unarmed Combat
  5370 | D:5      | Reached XP level 9. HP: 55/58 MP: 17/17
  5590 | D:5      | Reached ** piety under Wu Jian
  5976 | D:6      | Found a glowing golden altar of the Shining One.
  6174 | D:6      | Found a shimmering altar of Xom.
  6248 | D:6      | Found a shadowy altar of Dithmenos.
  6349 | D:6      | Found a basalt altar of Yredelemnul.
  6433 | D:6      | Slain by an ogre

Vault maps used:
D:1:      dpeg_arrival_ratfight
D:2:      uniq_natasha, uniq_terence, uniq_robin
D:3:      chequers_temple_overflow_statue_of_worship, serial_undead,
          serial_undead_b, serial_undead_c, serial_undead_b, serial_undead_d,
          serial_undead_c, uniq_crazy_yiuf_cottage
D:4:      minmay_wonky_spiral, kennysheep_little_box, serial_shops, shop,
          kennysheep_small_square
D:5:      first_ration, minmay_manual_moon, uniq_blork_the_orc, uniq_pikel,
          uniq_sigmund
D:6:      lemuel_coloured_pillars_altar, grunt_dithmenos_smoke,
          lemuel_zombie_altar_yredelemnul, basic_altar

Skill      XL: |  1  2  3  4  5  6  7  8  9 |
---------------+----------------------------+-----
Fighting       | 1 2 3 4 |  4.5
Unarmed Combat | 3 4 5 |  5.6
Spellcasting   | 3 4 5 6 |  6.4
Transmutations | 3 4 5 6 |  6.4
Shields        | 1 2 3 4 |  4.0
Dodging        | |  1.5

Action                   |  1- 3 |  4- 6 |  7- 9 || total
-------------------------+-------+-------+-------++-------
Melee: Unarmed           |   134 |   224 |   322 ||   680
       Kick              |     5 |       |     7 ||    12
       Punch             |     1 |       |     1 ||     2
       Headbutt          |       |     3 |     2 ||     5
Throw: Tomahawk          |     1 |       |       ||     1
 Cast: Beastly Appendage |     3 |     3 |     2 ||     8
       Sticks to Snakes  |     2 |     4 |       ||     6
       Spider Form       |       |     6 |     1 ||     7
       Blade Hands       |       |       |     9 ||     9
Invok: Lunge             |       |    13 |    16 ||    29
       Whirlwind         |       |     1 |     2 ||     3
 Abil: Charm Monsters    |     6 |     6 |    11 ||    23
Evoke: Wand              |       |       |     1 ||     1
  Use: Scroll            |     1 |       |     3 ||     4
 Stab: Sleeping          |     2 |     3 |       ||     5
       Distracted        |       |     6 |     1 ||     7
       Betrayed ally     |       |     3 |     3 ||     6
  Eat: Chunk             |     3 |     8 |     9 ||    20
       Ration            |       |       |     1 ||     1
Armor: Robe              |    27 |    42 |    62 ||   131
       Skin              |       |     4 |       ||     4
Dodge: Dodged            |    72 |    93 |   132 ||   297
Block: Buckler           |     1 |    26 |    42 ||    69

Table legend:
 A = Non-vault XP
 B = Vault XP
 C = Vault XP percentage of total XP
 D = Non-vault monster count
 E = Vault monster count
 F = Vault count percentage of total count
                 A         B        C        D         E       F
            +---------+---------+-------+---------+---------+-------
      Total |    1831 |    1307 |  41.7 |     122 |      31 |  20.3
            +---------+---------+-------+---------+---------+-------
        D:1 |      37 |       4 |   9.8 |      23 |       4 |  14.8
        D:2 |      86 |      82 |  48.8 |      18 |      14 |  43.8
        D:3 |      76 |      39 |  33.9 |      19 |       1 |   5.0
        D:4 |     354 |     205 |  36.7 |      23 |       3 |  11.5
        D:5 |     361 |     973 |  72.9 |      15 |       7 |  31.8
        D:6 |     917 |       4 |   0.4 |      24 |       2 |   7.7
            +---------+---------+-------+---------+---------+-------
